 Dungeon Crawl Stone Soup version 0.31.0-11-ge490571c62 (webtiles) character file.

Game seed: 417745097836292200

356 Gadfly the Insei (level 6, -4/47 HPs)
             Began as a Demonspawn Monk on Feb 2, 2024.
             Slain by a gnoll
             ... wielding a +0 spear
             ... led by a gnoll bouda
              (7 damage)
             ... on level 4 of the Dungeon.
             The game lasted 00:04:39 (3630 turns).

Gadfly the Insei (Demonspawn Monk)                  Turns: 3630, Time: 00:04:39

Health: -4/47      AC:  4    Str: 13    XL:     6   Next: 36%
Magic:  6/6        EV: 13    Int:  8    God:
Gold:   1076       SH:  0    Dex: 16    Spells: 3/5 levels left

rFire   . . .        b - +2 dagger (venom)
rCold   . . .        c - orb {light}
rNeg    . . .        a - +1 robe
rPois   .            (no helmet)
rElec   .            (no cloak)
rCorr   .            o - +0 pair of gloves
SInv    +            (no boots)
Will    .....        (no amulet)
Stlth   +            (no ring)
HPRegen 0.00/turn    (no ring)
MPRegen 0.10/turn

%: no passive effects
@: inhibited regen, glowing, studying Polearms
A: foul stench 2, see invisible, dopey 1, inhibited regeneration, MP-powered
wands
a: no special abilities


You were on level 4 of the Dungeon.
You visited 1 branch of the dungeon, and saw 5 of its levels.

You collected 1076 gold pieces.

Inventory:

Hand Weapons
 b - a +2 dagger of venom (weapon)
 j - a +1 dagger of draining
Armour
 a - a +1 robe (worn)
 c - an orb of light (worn)
 o - a +0 pair of gloves (worn)
Jewellery
 h - a ring of fire
Wands
 m - a wand of flame (30) (quivered)
Scrolls
 k - 3 scrolls of teleportation
 n - a scroll of immolation
 q - 2 scrolls of enchant weapon
Potions
 d - 3 potions of attraction
 e - a potion of cancellation
 f - a potion of ambrosia
 g - a potion of brilliance {unknown}
 i - 2 potions of curing
 l - a potion of lignification


   Skills:
 - Level 3.0 Fighting
 + Level 3.6 Dodging
 * Level 4.2 Unarmed Combat
 * Level 3.0 Evocations
 * Level 2.5 Shapeshifting


You had 3 spell levels left.
You knew the following spells:

 Your Spells              Type           Power      Damage    Failure   Level
a - Blink                 Tloc           0%         N/A       54%         2

Your spell library contained the following spells:

 Spells                   Type           Power      Damage    Failure   Level
 Slow                     Hex            0%         N/A       41%         1
 Ensorcelled Hibernation  Hex/Ice        0%         N/A       54%         2
 Lesser Beckoning         Tloc           0%         N/A       54%         2
 Momentum Strike          Conj/Tloc      0%         3d8       54%         2
 Confusing Touch          Hex            0%         N/A       78%         3
 Fugue of the Fallen      Necr           0%         N/A       78%         3
 Sigil of Binding         Hex            0%         N/A       78%         3
 Vampiric Draining        Necr           0%         2d6       78%         3
 Anguish                  Hex/Necr       0%         N/A       99%         4
 Ignite Poison            Fire/Alch      0%         N/A       99%         4
 Olgreb's Toxic Radiance  Alch           0%         N/A       99%         4
 Sticky Flame             Fire/Alch      0%         2d4       99%         4
 Sculpt Simulacrum        Ice/Alch       0%         N/A       100%        6
 Ozocubu's Refrigeration  Ice            0%         4d7       100%        7
 Discord                  Hex            0%         N/A       100%        8
 Ignition                 Fire           0%         3d3       100%        8
 Polar Vortex             Ice            0%         N/A       100%        9


Dungeon Overview and Level Annotations

Branches:
Dungeon (5/15)
 Temple: D:4-7

Altars:
Gozag
Vehumet


Innate Abilities, Weirdness & Mutations

You sometimes emit foul miasma when damaged in melee.
You have supernaturally acute eyesight. (SInv)
You are dopey. (Int -2)
You do not regenerate when monsters are visible.
You expend magic power (3 MP) to strengthen your wands.


Message History

The gnoll bouda prays to its god.
The gnoll bouda is healed somewhat.
Your Evocations skill increases to level 3!
You are too injured to fight recklessly!
You are too injured to fight recklessly!
There is a stone staircase leading up here.
The gnoll barely misses you.
The gnoll bouda hits you with a +0 club.
You emit a cloud of foul miasma!
You climb upwards.
Your attacks no longer feel as feeble.
There is a stone staircase leading down here.
You hit the gnoll bouda but do no damage.
The gnoll bouda looks as sick as possible!
The gnoll bouda is severely wounded.
The gnoll misses you.
The gnoll bouda gazes fiercely through you!
You feel your attacks grow feeble. The gnoll bouda barely misses you.
You hit the gnoll but do no damage.
The gnoll is poisoned.
The gnoll is no longer moving quickly.
You kill the gnoll bouda!
The gnoll misses you.
You hit the gnoll.
The gnoll looks even sicker.
The gnoll is lightly wounded.
The gnoll hits you with a +0 spear!
* * * LOW HITPOINT WARNING * * *
You hit the gnoll but do no damage.
The gnoll is moderately wounded.
The gnoll hits you with a +0 spear!
* * * LOW HITPOINT WARNING * * *
You hit the gnoll but do no damage.
The gnoll is moderately wounded.
Your attacks no longer feel as feeble.
The gnoll hits you with a +0 spear.
* * * LOW HITPOINT WARNING * * *
You hit the gnoll.
The gnoll looks as sick as possible!
The gnoll is moderately wounded.
The gnoll hits you with a +0 spear!
You die...

##......# #......#
#......#
#......######
#.......##... #######
#.......##♣♣. #.....#
#####...♣♣♣♣.
#.....#######...♣♣PP.
#..)@g.........♣♣PP..
#######.####...♣♣P...
#...####........⌠
#..........♣♣P...
#........#[♣♣PP..
###......#..♣♣PP.
#......###♣♣♣♣.
#......#....♣♣.
#......#.##....


You could see a gnoll (extremely poisoned).

Vanquished Creatures
  2 bombardier beetles
  A gnoll bouda (D:4)
  An iguana (D:4)
  3 orc wizards (D:3)
  7 adders
  2 gnolls (D:5)
  2 dart slugs
  A ribbon worm (D:2)
  11 orcs
  4 ball pythons
  3 endoplasms
  3 giant cockroaches
  2 goblins (D:2)
  5 hobgoblins
  3 jackals (D:3)
  6 quokkas
  3 bats
  5 frilled lizards
  5 kobolds
  2 rats
71 creatures vanquished.

Notes
Turn   | Place    | Note
-------+----------+-------------------------------------------
     0 | D:1      | Gadfly the Demonspawn Monk began the quest for the Orb.
     0 | D:1      | Reached XP level 1. HP: 18/18 MP: 1/1
   455 | D:1      | Found a faded altar of an unknown god.
   493 | D:1      | Gained mutation: You may rarely emit foul miasma when
                  | damaged in melee. [demonic ancestry]
   493 | D:1      | Reached XP level 2. HP: 22/24 MP: 2/2
   905 | D:1      | Identified a scroll of acquirement
   905 | D:1      | Acquired 890 gold pieces
  1029 | D:2      | Reached skill level 3 in Unarmed Combat
  1029 | D:2      | Reached skill level 1 in Evocations
  1127 | D:2      | Reached skill level 1 in Shapeshifting
  1127 | D:2      | Reached XP level 3. HP: 28/29 MP: 3/3
  1792 | D:3      | Found a radiant altar of Vehumet.
  1896 | D:3      | Gained mutation: You sometimes emit foul miasma when
                  | damaged in melee. [demonic ancestry]
  1896 | D:3      | Reached XP level 4. HP: 22/35 MP: 4/4
  1913 | D:3      | HP: 1/35 [orc wizard/+2 dagger of venom (2)]
  1954 | D:3      | Reached XP level 5. HP: 16/41 MP: 5/5
  2879 | D:3      | Gained mutation: You expend magic power (3 MP) to
                  | strengthen your wands. [potion of mutation]
  2879 | D:3      | Gained mutation: You are dopey. (Int -2) [potion of
                  | mutation]
  2879 | D:3      | Gained mutation: You do not regenerate when monsters are
                  | visible. [potion of mutation]
  2879 | D:3      | Gained mutation: You have supernaturally acute eyesight.
                  | (SInv) [potion of mutation]
  2884 | D:3      | Learned a level 2 spell: Blink
  2933 | D:4      | Reached skill level 4 in Unarmed Combat
  3039 | D:4      | Reached XP level 6. HP: 36/47 MP: 6/6
  3275 | D:4      | Found an opulent altar of Gozag.
  3609 | D:5      | Entered Level 5 of the Dungeon
  3630 | D:4      | Slain by a gnoll

Illustrated notes

Levels and vault maps discovered:
D:1:      lemuel_arrival_room, layout_basic, hellmonk_ecumenical_altar_run_dry
D:2:      layout_basic
D:3:      layout_basic, nicolae_vehumet_altar_sigil
D:4:      layout_basic, mainiacjoe_overflow_concentric_impassable,
          serial_forest, infiniplex_forest_straight_3,
          infiniplex_forest_straight_4, infiniplex_forest_clump_double,
          infiniplex_forest_fountain
D:5:      layout_basic, feat_on_display, uniq_duvessa

Skill      XL: |  1  2  3  4  5  6 |
---------------+-------------------+-----
Unarmed Combat | 3 4 |  4.2
Evocations     | 1 2 3 |  3.0
Shapeshifting  | 1 2 |  2.5
Dodging        | 3 |  3.6
Fighting       | |  3.0

Action                     |  1- 3 |  4- 6 || total
---------------------------+-------+-------++-------
  Melee: Unarmed           |    58 |       ||    58
         Dagger            |    27 |   115 ||   142
    Use: Scroll            |     9 |     2 ||    11
         Potion            |     1 |     2 ||     3
 Armour: Robe              |    42 |    57 ||    99
  Dodge: Dodged            |    56 |    64 ||   120
